 Dungeon Crawl Stone Soup version 0.28.0-47-ge53b351184 (webtiles) character file.

Game seed: 6917899925575490526

14275 Gabide the Thaumaturge (level 11, -1/89 HPs)
             Began as a Mummy Necromancer on May 6, 2022.
             Was a Priest of Sif Muna.
             Slain by a yak (11 damage)
             ... on level 11 of the Dungeon.
             The game lasted 00:41:44 (18745 turns).

Gabide the Thaumaturge (Mummy Necromancer)         Turns: 18745, Time: 00:41:45

Health: -1/89      AC: 15    Str: 12    XL:     11   Next: 86%
Magic:  2/26       EV: 17    Int: 19    God:    Sif Muna [***...]
Gold:   759        SH:  0    Dex: 18    Spells: 19/32 levels left

rFire   x . .      SeeInvis .   a - +4 quarterstaff (spect)
rCold   + . .      Faith    .   (shield currently unavailable)
rNeg    + + +      Spirit   .   o - +5 steam dragon scales
rPois   ∞          Reflect  .   (no helmet)
rElec   .          Harm     .   b - +1 cloak
rCorr   .          Rampage  .   (no gloves)
Will    +....                   x - +2 pair of boots
Stlth   ++........              (no amulet)
HPRegen 0.24/turn               d - +6 ring of dexterity
MPRegen 0.20/turn               (no ring)

@: about to teleport
A: cold resistance 1, negative energy resistance 3, torment resistance 2, heat
vulnerability 1, no potions
a: Renounce Religion, Channel Magic, Forget Spell


You were on level 11 of the Dungeon.
You worshipped Sif Muna.
Sif Muna was most pleased with you.
You visited 3 branches of the dungeon, and saw 14 of its levels.

You collected 759 gold pieces.

Inventory:

Hand Weapons
 a - a +4 spectral quarterstaff (weapon)
 h - a +2 flail of protection
 l - the +5 mace of Untruth {freeze, rC++ MP+9 Str-2 Stlth+}
   (You found it on level 8 of the Dungeon)

   It freezes those it strikes, dealing additional cold damage.
   It can also slow down cold-blooded creatures.
   Str:       It affects your strength (-2).
   rC:        It greatly protects you from cold.
   MP:        It affects your magic capacity (+9).
   Stlth:     It makes you more stealthy.
 s - a +2 whip of electrocution
 u - a +4 antimagic war axe
Armour
 b - a +1 cloak (worn)
 k - a +1 robe of cold resistance
 o - +5 steam dragon scales (worn)
 x - a +2 pair of boots (worn)
Jewellery
 d - a +6 ring of dexterity (left hand)
Wands
 g - a wand of paralysis (2)
 m - a wand of flame (7)
 r - a wand of iceblast (4)
 v - a wand of mindburst (8)
Scrolls
 c - 2 scrolls of enchant weapon
 e - 7 scrolls of fog
 i - 2 scrolls of vulnerability
 j - 2 scrolls of amnesia
 n - a scroll of holy word
 p - a scroll of brand weapon
 q - 2 scrolls of silence
 t - a scroll of magic mapping
 w - 3 scrolls of noise
 y - 3 scrolls of identify


   Skills:
 * Level 9.2 Fighting
 - Level 0.9(3.1) Maces & Flails
 + Level 4.8 Staves
 * Level 7.9 Dodging
 - Level 1.5 Stealth
 * Level 11.3 Spellcasting
 * Level 10.1 Necromancy


You had 19 spell levels left.
You knew the following spells:

 Your Spells              Type           Power      Damage    Failure   Level
a - Pain                  Necr           100%       1d9       1%          1
b - Vampiric Draining     Necr           49%        2d9       1%          3
c - Animate Dead          Necr           24%        N/A       1%          4
d - Agony                 Necr           49%        N/A       2%          5

Your spell library contained the following spells:

 Spells                   Type           Power      Damage    Failure   Level
 Animate Skeleton         Necr           98%        N/A       1%          1
 Excruciating Wounds      Necr           24%        N/A       2%          5
 Freeze                   Ice            40%        1d6       6%          1
 Sting                    Tmut/Pois      40%        1d5       6%          1
 Conjure Flame            Conj/Fire      10%        6-21      19%         3
 Frozen Ramparts          Ice            20%        1d4       19%         3
 Ignite Poison            Fire/Tmut/Pois 10%        N/A       19%         3
 Portal Projectile        Hex/Tloc       20%        N/A       19%         3
 Hailstorm                Conj/Ice       10%        3d5       54%         4
 Sticky Flame             Conj/Fire      10%        2d3       54%         4
 Blade Hands              Tmut           Unusable   N/A       N/A         5
 Death's Door             Necr           Unusable   N/A       N/A         9

Dungeon Overview and Level Annotations

Branches:
Dungeon (12/15)            Temple (1/1) D:6            Lair (1/6) D:10
    Orc (0/2) D:11

Altars:
Ashenzari
Cheibriados
Dithmenos
Elyvilon
Fedhas
Gozag
Hepliaklqana
Kikubaaqudgha
Makhleb
Nemelex Xobeh
Okawaru
Qazlal
Ru
Sif Muna
Trog
Uskayaw
Vehumet
Wu Jian
Xom
Yredelemnul
Zin
The Shining One

Annotations:
D:10 exclusion: ice statue
D:11 2 transporters


Innate Abilities, Weirdness & Mutations

You are immune to poison.
Your flesh is cold resistant. (rC+)
You are immune to negative energy. (rN+++)
You are immune to unholy pain and torment.
You are vulnerable to heat. (rF-)
You do not drink.


Message History

You feel life coursing into your body. The yak completely misses you.
A large slime creature splits.
The yak gores you. The gargoyle misses you.
A vampire comes into view.
Casting: Vampiric Draining (safe; 1% risk of failure)
Confirm with . or Enter, or press ? or * to list all spells.
Okay, then.
The howler monkey hits you but does no damage.
Two slime creatures merge to form a very large slime creature.
The yak gores you! The yak gores you but does no damage.
The gargoyle hits you with a +0 mace. The howler monkey closely misses you.
You climb upwards.
Level annotation: 2 transporters
There is a stone staircase leading down here.
Okay, then.
Unknown command.
As you read the scroll of identify, it crumbles to dust.
c - 2 scrolls of enchant weapon The yak completely misses you.
The yak misses you. The gargoyle hits you with a +0 mace!
Casting: Vampiric Draining (safe; 1% risk of failure)
Confirm with . or Enter, or press ? or * to list all spells.
Aiming: Agony (dangerous; 2% risk of failure)
Press: ? - help, Shift-Dir - straight line, f - yak
Aim: a yak (chance to affect: 98%)
The yak convulses!
The yak gores you but does no damage. x2
The gargoyle hits you with a +0 mace!
You sock the yak!
The yak is severely wounded.
The yak closely misses you. The yak gores you but does no damage.
The gargoyle hurls a stone arrow at you.
The stone arrow hits you!!
* * * LOW HITPOINT WARNING * * *
The yak gores you.
* * * LOW HITPOINT WARNING * * *
As you read the scroll of teleportation, it crumbles to dust.
You feel strangely unstable. The yak misses you.
The gargoyle hits you with a +0 mace.
* * * LOW HITPOINT WARNING * * *
The yak gores you!
You die...

.......#...#...####.....####...#.
.......'...'.....+......#>.....#.
.......#####.....##'#####......##
#+##'###.#.....###..##..######...
.........#.....#......<......#...
.........#.....#.............#...
.........#.....#h............#...
.........#.....#Y9...........#...
..########.....#@##.##...##..#...
####.#......####Y##+##...##..####
.....'......'............'.)...#
.....#....÷.#............#.....#
.....#......#............#...(.#
'#####......#..####..##..####)###
...#.....##########..##..####)##.
...#.....# #.....#.....#.....
...#.....# #.....#.....#.....


You could see 2 yaks, a gargoyle and a howler monkey.

Vanquished Creatures
  2 boulder beetles
  2 two-headed ogres (D:10)
  Urug (D:10)
  Pikel (D:5)
  A wolf spider (D:10)
  A gargoyle (D:11)
  3 trolls
  A hornet (D:10)
  A meliai zombie (D:10)
  2 shadows (D:10)
  4 wyverns
  10 yaks
  3 wraiths
  2 steam dragons
  Menkaure (D:4)
  2 acid dragons (D:11)
  4 water moccasins
  Duvessa (D:5)
  5 orc warriors
  2 black bears
  2 ogres
  An ice beast (D:5)
  A sky beast (D:6)
  4 necrophages
  8 centaurs
  3 wolves (D:10)
  A kobold brigand (D:11)
  2 bullfrogs
  5 wyvern zombies
  3 scorpions
  A water moccasin zombie (D:5)
  Dowan (D:5)
  2 water moccasin skeletons
  A killer bee (D:10)
  4 wights
  5 electric eels (D:10)
  2 howler monkeys
  8 centaur zombies
  2 jellies (D:6)
  A centaur skeleton (D:6)
  2 gnoll shamans
  7 orc priests
  Crazy Yiuf (D:3)
  8 hounds
  A human zombie (D:8)
  3 iguanas
  Jessica (D:3)
  Natasha (thrice) (D:2)
  9 orc wizards
  A mummy (D:8)
  2 howler monkey zombies
  9 adders
  11 gnolls
  A white imp (D:8)
  An ufetubus (D:4)
  2 adder skeletons
  2 worms
  3 dart slugs
  38 orcs
  6 endoplasms
  4 giant cockroaches
  4 goblins
  9 hobgoblins
  4 quokkas
  8 ball pythons
  5 bats
  7 frilled lizards
  10 kobolds
  4 rats
272 creatures vanquished.

Vanquished Creatures (collateral kills)
  An orc wizard (D:10)
  A howler monkey zombie (D:10)
  An adder (D:5)
  3 orcs
6 creatures vanquished.

Vanquished Creatures (others)
  A wizard (D:7)
  3 fungi (D:2)
  11 plants
15 creatures vanquished.

Grand Total: 293 creatures vanquished

Notes
Turn   | Place    | Note
-------+----------+-------------------------------------------
     0 | D:1      | Gabide the Mummy Necromancer began the quest for the Orb.
     0 | D:1      | Reached XP level 1. HP: 13/13 MP: 4/4
   384 | D:1      | Reached XP level 2. HP: 20/20 MP: 2/5
   667 | D:1      | Reached skill level 3 in Spellcasting
  1542 | D:2      | Reached skill level 1 in Fighting
  2053 | D:2      | Reached XP level 3. HP: 23/26 MP: 0/7
  2747 | D:2      | Reached XP level 4. HP: 32/32 MP: 3/9
  2768 | D:2      | Learned a level 3 spell: Vampiric Draining
  2870 | D:2      | Found a faded altar of an unknown god.
  2878 | D:2      | Got Plato's Disquisition on Intoxication
  3213 | D:3      | Noticed Natasha
  3220 | D:2      | Reached skill level 4 in Spellcasting
  3220 | D:2      | Reached XP level 5. HP: 38/38 MP: 0/11
  3319 | D:2      | Killed Natasha
  3325 | D:2      | Learned a level 4 spell: Animate Dead
  4460 | D:3      | Found a burning altar of Makhleb.
  4837 | D:3      | Found a stormy altar of Qazlal.
  4964 | D:3      | Noticed Jessica
  4968 | D:3      | Killed Jessica
  4972 | D:3      | Reached skill level 5 in Necromancy
  5248 | D:3      | Reached XP level 6. HP: 45/46 MP: 8/12
  5331 | D:3      | Found a runed translucent door.
  5332 | D:3      | Noticed Crazy Yiuf
  5342 | D:3      | Killed Crazy Yiuf
  5848 | D:2      | Noticed Natasha
  5856 | D:2      | Killed Natasha
  6095 | D:2      | Noticed Natasha
  6099 | D:2      | Killed Natasha
  6790 | D:4      | Reached skill level 5 in Spellcasting
  6852 | D:4      | Reached XP level 7. HP: 39/52 MP: 14/14
  6857 | D:4      | Reached skill level 1 in Staves
  7564 | D:5      | Entered Level 5 of the Dungeon
  7667 | D:5      | Noticed Dowan
  7668 | D:5      | Noticed Duvessa
  7681 | D:5      | Killed Duvessa
  7684 | D:5      | Killed Dowan
  8137 | D:5      | Reached skill level 6 in Spellcasting
  8137 | D:5      | Reached XP level 8. HP: 59/61 MP: 5/17
  8256 | D:5      | Noticed Menkaure
  8266 | D:4      | Killed Menkaure
  8733 | D:5      | Noticed Pikel
  8754 | D:5      | Killed Pikel
  8755 | D:5      | Reached skill level 5 in Fighting
  8755 | D:5      | Reached skill level 7 in Spellcasting
  9025 | D:5      | Reached XP level 9. HP: 68/68 MP: 9/19
  9169 | D:5      | Reached skill level 5 in Dodging
  9175 | D:5      | Learned a level 5 spell: Agony
  9897 | D:6      | Found a staircase to the Ecumenical Temple.
  9906 | Temple   | Entered the Ecumenical Temple
  9971 | Temple   | Became a worshipper of Sif Muna the Loreminder
 10028 | D:6      | Found a hazy altar of Hepliaklqana.
 10163 | D:6      | Found an ornate altar of the Wu Jian Council.
 10868 | D:7      | Reached skill level 8 in Spellcasting
 10924 | D:7      | Found a blossoming altar of Fedhas.
 11018 | D:7      | Got the Guide on Lethal Snow
 11044 | D:7      | Found a bloodstained altar of Trog.
 11045 | D:7      | Noticed a wizard
 11051 | D:7      | Killed a wizard
 11246 | D:7      | Found an ancient bone altar of Kikubaaqudgha.
 11253 | D:7      | Found an opulent altar of Gozag.
 11289 | D:7      | Found a sacrificial altar of Ru.
 11555 | D:7      | Reached * piety under Sif Muna
 12330 | D:8      | Reached XP level 10. HP: 74/77 MP: 4/22
 12438 | D:8      | You fall into a shaft and drop 1 floor!
 12505 | D:8      | Identified the +5 mace of Untruth {freeze, rC++ MP+9 Str-2
                  | Stlth+}
 13187 | D:8      | Found a basalt altar of Yredelemnul.
 13252 | D:8      | Reached skill level 9 in Spellcasting
 13511 | D:9      | Identified the +2 buckler "Hero's Friend" {Dex+2}
 14055 | D:10     | Entered Level 10 of the Dungeon
 14250 | D:10     | Noticed a two-headed ogre
 14330 | D:10     | Killed a two-headed ogre
 14558 | D:10     | Found an iron altar of Okawaru.
 14848 | D:10     | Identified the +0 robe of Duty {Drain rPois Str+4}
 14985 | D:10     | Found a staircase to the Lair.
 15060 | D:10     | Reached ** piety under Sif Muna
 15195 | D:10     | Noticed a wolf spider
 15195 | D:10     | Noticed a two-headed ogre
 15200 | D:10     | Noticed a boulder beetle
 15268 | D:10     | Reached skill level 10 in Spellcasting
 15474 | D:10     | Reached XP level 11. HP: 76/86 MP: 6/25
 15510 | Lair:1   | Entered Level 1 of the Lair of Beasts
 15791 | D:10     | Killed a two-headed ogre
 16122 | D:10     | Killed a boulder beetle
 16255 | D:10     | Killed a wolf spider
 16416 | D:10     | Found the +8 frozen axe "Frostbite" {freezing cloud, *Noise
                  | Fly rC+}
 17199 | D:10     | Reached *** piety under Sif Muna
 17297 | D:11     | Noticed Urug
 17305 | D:10     | Killed Urug
 17441 | D:11     | Reached skill level 11 in Spellcasting
 17707 | D:11     | Found a staircase to the Orcish Mines.
 18003 | D:11     | Found a transporter.
 18003 | D:11     | Noticed a boulder beetle
 18004 | D:11     | Found a transporter.
 18004 | D:11     | Noticed a boulder beetle
 18004 | D:11     | Noticed a boulder beetle
 18357 | D:11     | Reached skill level 10 in Necromancy
 18717 | D:12     | Noticed a boulder beetle
 18737 | D:12     | Killed a boulder beetle
 18745 | D:11     | Slain by a yak

Illustrated notes

Levels and vault maps discovered:
D:1:      dpeg_arrival_boxorama, layout_loops_corners, grunt_decor_fettered
D:2:      layout_loops_corners, shapermc_ecumenical_altar_rom_forum
D:3:      layout_basic, mainiacjoe_overflow_catwalk, bloody_makhleb,
          serial_park_tiny_pond, chequers_mini_garden,
          chequers_serial_rivers_micro_e, uniq_jessica, uniq_natasha,
          uniq_crazy_yiuf_cottage
D:4:      layout_loops_ring, serial_forest, infiniplex_forest_clump_tiny,
          infiniplex_forest_lined_4_way, infiniplex_forest_zigzag_1,
          infiniplex_forest_straight_2, infiniplex_forest_clump_curved,
          infiniplex_forest_end_2, chequers_serial_rivers_small_3
D:5:      layout_cave_pods, uniq_pikel, uniq_menkaure, uniq_duvessa
D:6:      layout_cave_pools, nicolae_hepliaklqana_hazy_memory,
          pdpol_wu_jian_five_deadly_venoms, minmay_temple_entry_mist
D:7:      layout_gridville, trog_wizard, marbit_many_paths,
          fedhas_bush_and_centaur_altar, mainiacjoe_overflow_large_starburst,
          item_on_display_a
D:8:      layout_rooms, lemuel_mausoleum_altar_yredelemnul,
          nrook_mini_backslash, minmay_misc_feat_pillars
D:9:      layout_roguey, zin_treasury, dk_noncrumbling_3
D:10:     cheibrodos_barr_body, layout_basic, mainiacjoe_overflow_paths,
          erik_lair_island, minivault_15, ebering_dispersal_statue_hall,
          kennysheep_generic_room_13
D:11:     gammafunk_boulding_lane, layout_gridville, david_orc_2,
          serial_bayou_pond_d, uniq_urug
D:12:     layout_cave_pools, portal_ice_cave_demonic_guard
Temple:   cyrus_temple_forest
Lair:1:   layout_cave_pods, basic_altar

Skill      XL: |  1  2  3  4  5  6  7  8  9 10 11 |
---------------+----------------------------------+-----
Spellcasting   | 3 4 5 6 7 8 10 11 | 11.3
Fighting       | 1 2 3 4 5 6 8 9 |  9.2
Dodging        | 2 3 4 5 7 |  7.9
Necromancy     | 5 6 7 8 9 10 | 10.1
Staves         | 1 2 3 4 |  4.8
Maces & Flails | |  0.9
Stealth        | |  1.5

Action                   |  1- 3 |  4- 6 |  7- 9 | 10-12 || total
-------------------------+-------+-------+-------+-------++-------
Melee: Unarmed           |     2 |       |       |       ||     2
       Flail             |       |     7 |       |       ||     7
       Punch             |       |     1 |       |     1 ||     2
       Quarterstaff      |       |     8 |    78 |   165 ||   251
       Mace              |       |       |       |    27 ||    27
 Cast: Pain              |    97 |    88 |    10 |    12 ||   207
       Vampiric Draining |       |    18 |   119 |   136 ||   273
       Animate Dead      |       |     2 |     8 |    18 ||    28
       Agony             |       |       |       |     3 ||     3
Evoke: Wand              |       |     1 |       |    25 ||    26
  Use: Scroll            |     3 |     3 |     3 |    19 ||    28
 Stab: Paralysed         |       |     1 |       |     4 ||     5
       Sleeping          |       |       |       |     5 ||     5
       Distracted        |       |       |       |     2 ||     2
Armor: Robe              |     8 |    15 |    45 |     3 ||    71
       Steam dragon scal |       |       |       |   118 ||   118
Dodge: Dodged            |    16 |    44 |   167 |   291 ||   518
